cohdb
Replays
Latest Replays
All Replays
Popular Replays
Top Player Replays
Match Explorer
How It Works
Community
CoH3 Stats
Reddit
Sign in to upload your games and track your stats! →
Sign in with Steam
Match 41318981
Unlisted
Match 41318981
Overview
Messages
Build Orders
End
Pioneer Squad
Construct Infanterie Kompanie
Grenadier Squad
MG 42 Machine Gun Team
GrW 34 Mortar Team
Grenadier Squad
Sniper
Medical Bunker
Construct Luftwaffe Kompanie
Jäger Squad
Nomissa
Insane Zjoekov
STALKER4732
Devochkin
0
0
Comments
sign in to comment!
No comments posted yet!